Map: Defender's Landing LE

Players

bengbeng - Winner!

  • Race: Protoss Protoss
  • League: Silver
  • Spawn Location: 7:00

Salvite

  • Race: Protoss Protoss
  • League: Silver
  • Spawn Location: 1:00

VOD

Have the link to the VOD?

Description

Time

  • Played on: June 2, 2017, 1:29 p.m.
  • Length: 4:43
Show
View Real Time Build Order
Export as new Build Order

bengbeng Protoss - Winner!

Build Orders:  

Get SALT Encoding   

  12  0:01  Probe (Chrono Boost)  
  13  0:12  Probe (Chrono Boost)  
  14  0:18  Pylon  
  14  0:23  Probe (Chrono Boost)  
  15  0:37  Probe (Chrono Boost)  
  15  0:41  Gateway  
  16  0:47  Probe (Chrono Boost)  
  17  0:52  Assimilator  
  17  0:55  Assimilator  
  17  0:58  Probe (Chrono Boost)  
  18  1:08  Probe (Chrono Boost)  
  19  1:21  Probe (Chrono Boost)  
  20  1:29  Cybernetics Core  
  20  1:33  Gateway  
  20  1:41  Pylon  
  20  1:44  Probe (Chrono Boost)  
  21  1:55  Probe (Chrono Boost)  
  22  2:05  Warp Gate  
  22  2:06  Adept  
  24  2:20  Adept  
  26  2:25  Pylon  
  28  2:31  Mothership Core (Chrono Boost)  
  28  2:37  Stalker  
  30  2:47  Stalker  
  32  2:59  Robotics Facility  
  32  3:10  Pylon  
  32  3:20  Stalker x2  
  32  3:42  Immortal  
  36  4:06  Gateway  
  36  4:15  Stalker x2  
  40  4:18  Observer  
Show
View Real Time Build Order
Export as new Build Order

Salvite Protoss 

Build Orders:  

Get SALT Encoding   

  12  0:02  Probe (Chrono Boost)  
  13  0:16  Pylon  
  13  0:18  Probe (Chrono Boost)  
  14  0:29  Probe (Chrono Boost)  
  15  0:39  Probe (Chrono Boost)  
  15  0:41  Gateway  
  16  0:50  Probe (Chrono Boost)  
  17  1:00  Probe (Chrono Boost)  
  18  1:10  Assimilator  
  18  1:12  Pylon  
  18  1:16  Probe (Chrono Boost)  
  19  1:28  Probe (Chrono Boost)  
  20  1:36  Cybernetics Core  
  20  1:45  Assimilator  
  20  2:09  Warp Gate  
  19  2:20  Adept  
  19  2:22  Probe (Chrono Boost)  
  22  2:31  Gateway  
  22  2:32  Probe (Chrono Boost)  
  22  2:33  Gateway  
  23  2:43  Probe (Chrono Boost)  
  24  2:46  Robotics Facility  
  24  2:47  Adept  
  26  2:57  Probe (Chrono Boost)  
  27  3:11  Mothership Core (Chrono Boost)  
  29  3:14  Adept  
  29  3:30  Probe (Chrono Boost)  
  27  3:41  Probe (Chrono Boost)  
  27  3:52  Probe (Chrono Boost)  
  28  4:01  Nexus  
  28  4:08  Robotics Bay  
  28  4:11  Probe (Chrono Boost)  
  29  4:33  Stalker  
Tags
 
Add a new tag
Caveats
  • Supply blocks, unpowered buildings, or Contaminate may cause inaccurate times.
  • Supply counts are checked every 10 seconds.